 Dungeon Crawl Stone Soup version 0.26-a0-812-g31a745ddcd (webtiles) character file.

Game seed: 5723027356840967489

53 mkm the Stinger (level 3, -5/19 HPs)
             Began as a Gargoyle Venom Mage on Nov 24, 2020.
             Killed from afar by Sigmund (8 damage)
             ... with a puff of flame
             ... on level 2 of the Dungeon.
             The game lasted 00:05:27 (1330 turns).

mkm the Stinger (Gargoyle Venom Mage)               Turns: 1330, Time: 00:05:28

Health: -5/19      AC:  5    Str: 11    XL:     3   Next: 89%
Magic:  3/6        EV: 12    Int: 16    God:
Gold:   29         SH:  0    Dex: 10    Spells: 1/7 levels left

rFire    . . .     SeeInvis .   b - +0 club
rCold    . . .     Faith    .   (no shield)
rNeg     + . .     Spirit   .   a - +0 robe
rPois    ∞         Reflect  .   (no helmet)
rElec    +         Harm     .   (no cloak)
rCorr    .         Rampage  .   (no gloves)
MR       .....                  (no boots)
Stlth    ++........             (no amulet)
HPRegen  0.06/turn              (no ring)
MPRegen  0.10/turn              (no ring)

@: no status effects
A: negative energy resistance 1, electricity resistance, unbreathing,
petrification resistance, rot immunity, AC +3
a: no special abilities


You were on level 2 of the Dungeon.
You visited 1 branch of the dungeon, and saw 2 of its levels.

You collected 29 gold pieces.

Inventory:

Hand Weapons
 b - a +0 club (weapon)
Armour
 a - a +0 robe (worn)


   Skills:
 + Level 0.1 Maces & Flails
 + Level 1.7 Dodging
 + Level 2.2 Stealth
 + Level 2.6 Spellcasting
 + Level 1.3 Transmutations
 + Level 3.8 Poison Magic


You had one spell level left.
You knew the following spells:

 Your Spells              Type           Power        Failure   Level
a - Sting                 Tmut/Pois      ##..         7%          1
b - Poisonous Vapours     Pois/Air       #.....       13%         2
c - Ignite Poison         Fire/Tmut/Pois #.......     28%         3

Your spell library contained the following spells:

 Spells                   Type           Power        Failure   Level
 Mephitic Cloud           Conj/Pois/Air  #.......     34%         3
 Olgreb's Toxic Radiance  Pois           ##......     38%         4


Dungeon Overview and Level Annotations

Branches:
Dungeon (2/15)

Altars:
Okawaru
Uskayaw

Annotations:
D:2 Sigmund


Innate Abilities, Weirdness & Mutations

You are resistant to torment.
Your stone body is resilient. (AC +3)
You are immune to poison.
You resist negative energy. (rN+)
You are resistant to electric shocks. (rElec)
You can survive without breathing.
You are immune to petrification.
You are immune to rotting.


Message History

* * * LOW HITPOINT WARNING * * *
You hear a zap.
Some rock shatters into small pieces.
The adder closely misses you.
You kill the adder!
The adder closely misses you. The adder bites you but does no damage.
The adder bites you but does no damage. The adder barely misses you.
Casting: Poisonous Vapours (safe; 14% risk of failure)
Confirm with . or Enter, or press ? or * to list all spells.
Aiming: Poisonous Vapours (safe; 14% risk of failure)
Press: ? - help, Dir - move target cursor, f - adder
Aim: an adder (severely wounded) Poisonous vapours surround the adder!
Something hits you.
* * * LOW HITPOINT WARNING * * *
The adder is engulfed in poison gas.
The adder is poisoned.
You kill the adder!
A puff of flame appears from out of thin air!
The puff of flame hits you!
You die...

#..#[.##... .#
####..#..#_....._ .#
#.....#..##.....# .#
#.##..#..# 8...8 .#
#.#......# ##8## .#
#(#...############.#
#.#...# #.#.##.#.######
#.....#####÷#....<......#
###...{..@...)##.#.####.#
#.#####...####.#.#
#..............#.#
########.#######.# ##.##
.# #.).# .. #...# ##
#...# #...#


There were no monsters in sight!

Vanquished Creatures
  3 adders (D:2)
  2 dart slugs (D:1)
  3 bats (D:1)
  5 goblins
  4 hobgoblins (D:1)
  2 kobolds (D:2)
  5 rats
24 creatures vanquished.

Notes
Turn   | Place    | Note
-------+----------+-------------------------------------------
     0 | D:1      | mkm the Gargoyle Venom Mage began the quest for the Orb.
     0 | D:1      | Reached XP level 1. HP: 10/10 MP: 3/3
   302 | D:1      | Reached XP level 2. HP: 15/15 MP: 1/5
   306 | D:1      | Learned a level 2 spell: Poisonous Vapours
   527 | D:1      | Reached skill level 1 in Transmutations
  1103 | D:2      | Found an iron altar of Okawaru.
  1104 | D:2      | Found a hide-covered altar of Uskayaw.
  1139 | D:2      | Reached XP level 3. HP: 17/19 MP: 0/6
  1210 | D:2      | Learned a level 3 spell: Ignite Poison
  1302 | D:2      | Noticed Sigmund
  1330 | D:2      | Killed from afar by Sigmund

Illustrated notes

Levels and vault maps discovered:
D:1:      mrwooster_arrival_statue_2, layout_basic
D:2:      layout_loops_cross, nicolae_overflow_hidden_temple, st_stairs_2,
          uniq_sigmund, uniq_crazy_yiuf_cottage, uniq_jessica, uniq_robin

Skill      XL: |  1  2 |
---------------+-------+-----
Transmutations | 1 |  1.3
Maces & Flails | |  0.1
Dodging        | |  1.7
Stealth        | |  2.2
Spellcasting   | |  2.6
Poison Magic   | |  3.8

Action                   || total
-------------------------++-------
Melee: Unarmed           ||     2
       Club              ||    16
 Cast: Sting             ||    42
       Poisonous Vapours ||     5
  Use: Scroll            ||     4
Armor: Robe              ||    30
Dodge: Dodged            ||    24

Table legend: (Time is in decaauts)
 A = Elapsed time spent in this place.
 B = Non-inter-level travel time spent in this place.
 C = Inter-level travel time spent in this place.
 D = Time resting spent in this place.
 E = Time spent auto-exploring this place.
 F = Levels seen in this place.
 G = Mean time per level.
                   A        B        C        D        E       F      G
               +--------+--------+--------+--------+--------+-----+--------+
         Total |   1334 |   1318 |     16 |     86 |   1019 |   2 |  667.0 |
       Dungeon |   1334 |   1318 |     16 |     86 |   1019 |   2 |  667.0 |
               +--------+--------+--------+--------+--------+-----+--------+

Top non-repeatable levels by time:
     D:1: 1101 daAuts
     D:2: 232 daAuts
